 Dungeon Crawl Stone Soup version 0.30-a0-141-g30f27751c5 (webtiles) character file.

Game seed: 12836332270806446960

678 qw the Chopper (level 7, -2/44 HPs)
             Began as a Gargoyle Fighter on Sept 25, 2022.
             Slain by a gnoll
             ... wielding a +0 halberd
             ... led by a gnoll bouda
              (12 damage)
             ... on level 5 of the Dungeon.
             The game lasted 00:01:40 (5114 turns).

qw the Chopper (Gargoyle Fighter)                   Turns: 5114, Time: 00:01:41

Health: -2/44      AC: 19    Str: 18 (21) XL:     7   Next: 60%
Magic:  7/7        EV:  9    Int:  6 (9)  God:
Gold:   193        SH:  4    Dex:  8 (9)  Spells: 6/6 levels left

rFire   x x .      SeeInvis .    Y - +0 war axe
rCold   x x .      Faith    .    c - +0 buckler
rNeg    + . .      Spirit   .    b - +0 scale mail
rPois   inf        Reflect  .    (no helmet)
rElec   +          Harm     .    (no cloak)
rCorr   .          Rampage  .    (no gloves)
Will    .....                    (no boots)
Stlth   ..........               a - amulet of Elemental Vulnerability {rPois rF-- rC-- AC+8}
HPRegen 0.14/turn                (no ring)
MPRegen 0.10/turn                (no ring)

@: about to teleport
A: sickness immunity, AC +4, negative energy resistance 1, electricity
resistance, torment resistance 1, petrification resistance
a: no special abilities


You were on level 5 of the Dungeon.
You visited 1 branch of the dungeon, and saw 5 of its levels.
You also visited: Ossuary.

You collected 193 gold pieces.


Innate Abilities, Weirdness & Mutations

You are immune to sickness and miasma.
Your stone body is resilient. (AC +4)
You are immune to poison.
You resist negative energy. (rN+)
You are resistant to electric shocks. (rElec)
You are resistant to unholy torment.
You are immune to petrification.


   Skills:
 - Level 4.6 Fighting
 + Level 6.8 Axes
 - Level 3.2 Armour
 - Level 1.3 Dodging
 - Level 3.2 Shields


You had 6 spell levels left.
You didn't know any spells.
Your spell library was empty.

Inventory:

Hand Weapons
 l - a +0 flail
 Y - a +0 war axe (weapon)
Armour
 b - a +0 scale mail (worn)
 c - a +0 buckler (worn)
 n - a +0 chain mail
Jewellery
 a - the amulet of Elemental Vulnerability (around neck) {rPois rF-- rC-- AC+8}
   (You found it on level 2 of the Dungeon)

   [amulet of nothing]

   AC:        It affects your AC (+8).
   rF:        It makes you very vulnerable to fire.
   rC:        It makes you very vulnerable to cold.
   rPois:     It protects you from poison.
Scrolls
 j - a scroll of identify
Potions
 d - 2 potions of might
 e - 2 potions of cancellation
 f - 3 potions of mutation
 g - 6 potions of curing
 h - a potion of attraction {unknown}
 i - a potion of ambrosia {unknown}
 k - a potion of lignification {unknown}
 o - 2 potions of haste {unknown}

Dungeon Overview and Level Annotations

Branches:
Dungeon (5/15)            Ossuary (visited)
 Temple: D:4-7

Altars:
Dithmenos
Elyvilon
Makhleb
Yredelemnul

Shops:
D:1 =


Message History

You block the gnoll bouda's attack.
You hit the gnoll bouda but do no damage.
The gnoll bouda is almost dead.
You closely miss the gnoll. x2
The gnoll is no longer moving quickly.
The gnoll hits you but does no damage. x2
You block the gnoll bouda's attack.
You slash the gnoll bouda!
You kill the gnoll bouda!
You closely miss the gnoll. You hit the gnoll.
The gnoll is no longer moving quickly.
The gnoll barely misses you. The gnoll hits you but does no damage.
The howler monkey hoots and howls with incredible vigour!
A gnoll comes into view. It is wielding a +0 halberd.
The gnoll shouts!
You hear a shout!
You hear a howl!
You hear an angry hiss.
You closely miss the gnoll.
The gnoll is moderately wounded.
You slash the gnoll! The gnoll completely misses you.
The gnoll hits you but does no damage. x2
The gnoll barely misses you. The gnoll hits you but does no damage.
The howler monkey completely misses you.
You barely miss the gnoll.
The gnoll is severely wounded.
You closely miss the gnoll. You hit the howler monkey.
Your attacks no longer feel as feeble.
The gnoll hits you from afar with a +0 halberd!
You block the howler monkey's attack. The gnoll hits you but does no damage.
The gnoll barely misses you. The gnoll hits you but does no damage.
You barely miss the gnoll.
The gnoll is severely wounded.
You hit the gnoll. You slash the howler monkey!
The gnoll is no longer moving quickly.
The howler monkey hits you. The gnoll hits you but does no damage.
The gnoll hits you with a +0 whip. The gnoll hits you but does no damage.
The howler monkey hoots and howls with incredible vigour!
5114 ||| READING scroll of teleportation.
As you read the scroll of teleportation, it crumbles to dust.
You feel strangely unstable. The gnoll closely misses you.
The gnoll hits you but does no damage.
The gnoll hits you from afar with a +0 halberd!
You die...

#### ####... #.....#
#########...###
##########.......#......
gg....g.##...###.#....##
.#######h#..#.#<#.#.##.#
!.....)g@.............>#
##.###.#g##....####.##.##
...#.##.#...#...##.<#
#.####.#####..#.####..# #
#.# #..#. #..# ### ####
#..# #..# #..# #..#


You could see a howler monkey (catching breath) and 3 gnolls.

Vanquished Creatures
  An ogre (D:4)
  2 necrophages
  2 scorpions (D:4)
  A water moccasin zombie (Ossuary)
  A gnoll bouda (D:5)
  A hound (D:4)
  An iguana (D:4)
  Jessica (D:2)
  Terence (D:3)
  3 mummies
  2 gnolls (D:5)
  2 adders (D:2)
  3 adder zombies (Ossuary)
  A worm (D:2)
  6 dart slugs
  3 orcs
  5 ball pythons
  6 endoplasms
  2 giant cockroaches
  7 goblins
  4 hobgoblins
  8 bats
  8 frilled lizards
  2 gnoll zombies (Ossuary)
  7 hobgoblin zombies (Ossuary)
  4 kobolds
  4 kobold zombies (Ossuary)
  2 orc zombies (Ossuary)
  3 rats
  A spectral orc (D:4)
94 creatures vanquished.

Notes
Turn   | Place    | Note
-------+----------+-------------------------------------------
     0 | D:1      | qw the Gargoyle Fighter began the quest for the Orb.
     0 | D:1      | Reached XP level 1. HP: 14/14 MP: 1/1
     0 | D:1      | 0 ||| qw: Version: 0.2-a-10-g399e6c4
     0 | D:1      | 0 ||| qw: Game counter: 354
     0 | D:1      | 0 ||| qw: Always use a shield: true
     0 | D:1      | 0 ||| qw: God list: Okawaru
     0 | D:1      | 0 ||| qw: Allow faded altars: false
     0 | D:1      | 0 ||| qw: Do Orc after D:15 true
     0 | D:1      | 0 ||| qw: Do second Lair branch before Depths: true
     0 | D:1      | 0 ||| qw: Lair rune preference: random
     0 | D:1      | 0 ||| qw: Plans: Normal, Zot:1-4, God:TSO, Crypt, Tomb,
                  | Pan, Slime:5, Hells, Abyss, Orb
     0 | D:1      | 0 ||| PLANNING D:1-11
    73 | D:1      | Reached skill level 2 in Axes
   136 | D:1      | Reached XP level 2. HP: 14/19 MP: 2/2
   663 | D:1      | Found Tatzo's One-of-a-Kind Rings.
   670 | D:1      | 670 ||| SHOPLISTING +4 ring of strength (150 gold, have
                  | 15).
   670 | D:1      | 670 ||| SHOPLISTING +6 ring of slaying (1438 gold, have
                  | 15).
   670 | D:1      | 670 ||| SHOPLISTING ring of Hoir {Fly Str+5} (350 gold,
                  | have 15).
   670 | D:1      | 670 ||| SHOPLISTING ring of the Rose {Contam rN+ Str+6
                  | Int+2 Dex+6} (584 gold, have 15).
   709 | D:1      | 709 ||| DROPPING +0 club.
   796 | D:1      | Reached skill level 3 in Axes
   901 | D:1      | Reached XP level 3. HP: 23/23 MP: 3/3
  1136 | D:1      | 1136 ||| READING scroll labelled JOUCYS REGI.
  1148 | D:2      | Found the amulet of Elemental Vulnerability {rPois rF--
                  | rC-- AC+8}
  1176 | D:2      | 1176 ||| Stepping ~*~*~tactically~*~*~ (stealth).
  1194 | D:2      | 1194 ||| Stepping ~*~*~tactically~*~*~ (stealth).
  1330 | D:2      | 1330 ||| Stepping ~*~*~tactically~*~*~ (stealth).
  1332 | D:2      | 1332 ||| Stepping ~*~*~tactically~*~*~ (stealth).
  1336 | D:2      | 1336 ||| Stepping ~*~*~tactically~*~*~ (stealth).
  1611 | D:2      | Noticed Jessica
  1617 | D:2      | Killed Jessica
  1618 | D:2      | Reached skill level 4 in Axes
  1618 | D:2      | Reached XP level 4. HP: 28/28 MP: 4/4
  1892 | D:2      | 1892 ||| UPGRADING to amulet of Elemental Vulnerability
                  | {rPois rF-- rC-- AC+8}.
  1897 | D:2      | 1897 ||| READING scroll labelled YMOSCH RAOGIU.
  1898 | D:2      | 1898 ||| READING scroll labelled QOLE YLEDGH.
  1901 | D:2      | 1901 ||| DRINKING 2 cyan potions.
  1902 | D:2      | 1902 ||| DRINKING 2 green potions.
  2007 | D:2      | 2007 ||| READING 2 scrolls of identify.
  2007 | D:2      | 2007 ||| IDENTIFYING smoky puce potion
  2008 | D:2      | 2008 ||| DROPPING potion of berserk rage.
  2330 | D:3      | Found a faded altar of an unknown god.
  2514 | D:3      | 2514 ||| Stepping ~*~*~tactically~*~*~ (hiding).
  2638 | D:3      | Found a shadowy altar of Dithmenos.
  2640 | D:3      | Noticed Terence
  2641 | D:3      | 2641 ||| Stepping ~*~*~tactically~*~*~ (stealth).
  2642 | D:3      | 2642 ||| Stepping ~*~*~tactically~*~*~ (stealth).
  2647 | D:3      | Noticed a necrophage
  2659 | D:3      | Killed a necrophage
  2660 | D:3      | Reached skill level 5 in Axes
  2660 | D:3      | Reached XP level 5. HP: 32/32 MP: 5/5
  2675 | D:3      | Killed Terence
  2865 | D:3      | 2865 ||| Stepping ~*~*~tactically~*~*~ (hiding).
  2879 | D:3      | 2879 ||| Stepping ~*~*~tactically~*~*~ (hiding).
  2880 | D:3      | 2880 ||| Stepping ~*~*~tactically~*~*~ (hiding).
  2894 | D:3      | 2894 ||| DROPPING +0 whip.
  2968 | D:3      | 2968 ||| READING scroll labelled TAAPEI FIEDWEWN.
  2969 | D:3      | 2969 ||| READING scroll labelled CUSIRINUTU.
  2970 | D:3      | 2970 ||| READING scroll labelled RATAT POMO.
  3023 | D:3      | 3023 ||| READING scroll labelled UPRACO XYXUZ.
  3036 | D:4      | 3036 ||| PLANNING OSSUARY
  3074 | D:4      | Reached XP level 6. HP: 39/39 MP: 6/6
  3099 | D:4      | Reached skill level 1 in Dodging
  3368 | D:4      | Found a sand-covered staircase.
  3369 | D:4      | 3369 ||| FLEEEEING.
  3370 | D:4      | 3370 ||| FLEEEEING.
  3373 | D:4      | 3373 ||| FLEEEEING.
  3374 | D:4      | 3374 ||| FLEEEEING.
  3375 | D:4      | 3375 ||| FLEEEEING.
  3376 | D:4      | 3376 ||| FLEEEEING.
  3377 | D:4      | 3377 ||| FLEEEEING.
  3378 | D:4      | 3378 ||| FLEEEEING.
  3379 | D:4      | 3379 ||| FLEEEEING.
  3380 | D:4      | 3380 ||| STAIRDANCE
  3382 | D:3      | 3382 ||| DRINKING 2 silvery potions.
  3383 | D:3      | 3383 ||| DROPPING potion of brilliance.
  3386 | D:4      | 3386 ||| STAIRDANCE
  3390 | D:4      | 3390 ||| STAIRDANCE
  3400 | D:4      | 3400 ||| STAIRDANCE
  3419 | Ossuary  | Entered an ossuary
  3469 | Ossuary  | Reached XP level 7. HP: 22/44 MP: 7/7
  3699 | Ossuary  | Reached skill level 6 in Axes
  3798 | Ossuary  | 3798 ||| DRINKING 2 white potions.
  3799 | Ossuary  | 3799 ||| DRINKING 3 grey potions.
  3800 | Ossuary  | 3800 ||| DROPPING 2 potions of degeneration.
  3809 | D:4      | 3809 ||| PLANNING D:1-11
  3825 | D:4      | 3825 ||| DROPPING +2 mace of venom.
  3997 | D:4      | Found the Hermit's pendant {Faith invo=14 evo=0 MP+5}
  4003 | D:4      | 4003 ||| Stepping ~*~*~tactically~*~*~ (hiding).
  4004 | D:4      | 4004 ||| Stepping ~*~*~tactically~*~*~ (hiding).
  4217 | D:4      | 4217 ||| Stepping ~*~*~tactically~*~*~ (hiding).
  4219 | D:4      | 4219 ||| Stepping ~*~*~tactically~*~*~ (hiding).
  4423 | D:4      | Found a basalt altar of Yredelemnul.
  4846 | D:4      | 4846 ||| Stepping ~*~*~tactically~*~*~ (stealth).
  4846 | D:4      | Found a burning altar of Makhleb.
  4862 | D:4      | 4862 ||| READING 3 scrolls labelled YJISIO KEEHIA.
  4863 | D:4      | 4863 ||| DRINKING 2 black potions.
  4864 | D:4      | 4864 ||| DROPPING 2 scrolls of poison.
  4865 | D:4      | 4865 ||| DROPPING potion of flight.
  4866 | D:4      | 4866 ||| READING 2 scrolls of teleportation.
  4947 | D:4      | Found a white marble altar of Elyvilon.
  5033 | D:5      | Entered Level 5 of the Dungeon
  5094 | D:5      | 5094 ||| Stepping ~*~*~tactically~*~*~ (hiding).
  5095 | D:5      | 5095 ||| Stepping ~*~*~tactically~*~*~ (stealth).
  5096 | D:5      | 5096 ||| Stepping ~*~*~tactically~*~*~ (stealth).
  5113 | D:5      | HP: 11/44 [howler monkey (2)]
  5114 | D:5      | 5114 ||| READING scroll of teleportation.
  5114 | D:5      | Slain by a gnoll

Levels and vault maps discovered:
D:1:      saegor_arrival_fortress, layout_loops_ring, nicolae_shop_unique_rings
D:2:      layout_basic, uniq_jessica
D:3:      layout_basic, nicolae_dithmenos_shadow_blocks, basic_ecumenical_altar,
          uniq_terence
D:4:      layout_layer_cave, mainiacjoe_overflow_two_lobes,
          yredelemnul_forgotten_temple_becter, gup_ossuary_entry_pyramid
D:5:      layout_basic, tgw_kikubaaqudgha, uniq_crazy_yiuf_cottage

Skill      XL: |  1  2  3  4  5  6  7 |
---------------+----------------------+-----
Axes           | 2 3 4 5 6 |  6.8
Fighting       | 4 |  4.6
Dodging        | 1 |  1.3
Armour         | |  3.2
Shields        | |  3.2

Action                   |  1- 3 |  4- 6 |  7- 9 || total
-------------------------+-------+-------+-------++-------
Melee: War axe           |   104 |   128 |    97 ||   329
  Use: Scroll            |     1 |     7 |     3 ||    11
       Potion            |       |     3 |     3 ||     6
Armor: Scale mail        |    55 |    55 |    44 ||   154
Dodge: Dodged            |    40 |    48 |    36 ||   124
Block: Buckler           |    12 |    16 |    15 ||    43

Table legend:
 A = Non-vault XP
 B = Vault XP
 C = Vault XP percentage of total XP
 D = Non-vault monster count
 E = Vault monster count
 F = Vault count percentage of total count
                 A         B        C        D         E       F
            +---------+---------+-------+---------+---------+-------
      Total |     734 |     235 |  24.3 |      69 |      25 |  26.6
            +---------+---------+-------+---------+---------+-------
        D:1 |      34 |       0 |   0.0 |      21 |       0 |   0.0
        D:2 |      49 |      37 |  43.0 |      15 |       1 |   6.2
        D:3 |     122 |      36 |  22.8 |      17 |       1 |   5.6
        D:4 |     458 |      19 |   4.0 |      13 |       2 |  13.3
        D:5 |      71 |       0 |   0.0 |       3 |       0 |   0.0
    Ossuary |       0 |     143 | 100.0 |       0 |      21 | 100.0
            +---------+---------+-------+---------+---------+-------
